 Dungeon Crawl Stone Soup version 0.19.5 (webtiles) character file.

36322 Inarius the Cleaver (level 13, -6/106 HPs)
             Began as a Minotaur Fighter on Apr 11, 2017.
             Was a High Priest of Hepliaklqana.
             Mangled by an alligator simulacrum (15 damage)
             ... in an ice cave on Apr 12, 2017.
             The game lasted 01:51:24 (19354 turns).

Inarius the Cleaver (Minotaur Fighter)             Turns: 19354, Time: 01:51:24

Health: -6/106     AC: 15    Str: 22    XL:     13   Next: 52%
Magic:  12/12      EV: 13    Int:  7    God:    Hepliaklqana [*****.]
Gold:   853        SH: 14    Dex: 16    Spells: 1 memorised, 11 levels left

rFire  + . .     SeeInvis .     Q - +4 hand axe
rCold  . . .     Gourm    .     a - +5 scale mail "Ore Mic" {rPois MR+}
rNeg   . . .     Faith    .     c - +0 shield
rPois  +         Spirit   .     (helmet unavailable)
rElec  .         Reflect  .     Z - +0 cloak
rCorr  .         Harm     +     H - +1 pair of gloves
MR     +....     Rnd*Rage +     (no boots)
Stlth  ++........               q - amulet of harm
                                D - +2 ring of dexterity
                                X - ring of poison resistance

@: no status effects
A: retaliatory headbutt, reduced essence, horns 3, talons 1, berserk 1, clever
1, deformed body, fire resistance 1
a: Recall Ancestor, Ancestor Identity, Transference, Idealise, Renounce Religion


You were in an ice cave.
You worshipped Hepliaklqana.
Hepliaklqana was extremely pleased with you.
You were not hungry.

You visited 2 branches of the dungeon, and saw 16 of its levels.
You also visited: Sewer and Ice Cave.

You collected 981 gold pieces.
You spent 128 gold pieces at shops.

Inventory:

Hand Weapons
 O - a +2 broad axe
 Q - a +4 hand axe (weapon)
Missiles
 v - 7 tomahawks (quivered)
 C - 8 silver tomahawks
Armour
 a - the +5 scale mail "Ore Mic" (worn) {rPois MR+}
   (You found it on level 11 of the Dungeon)

   It protects you from poison.
   It affects your resistance to hostile enchantments.
 c - a +0 shield (worn)
 H - a +1 pair of gloves (worn)
 Z - a +0 cloak (worn)
Jewellery
 o - an uncursed ring of protection from magic
 q - an amulet of harm (around neck)
 D - a +2 ring of dexterity (right hand)
 E - an uncursed ring of fire
 N - a +5 amulet of reflection {unknown}
 V - an uncursed ring of protection from fire
 X - a ring of poison resistance (left hand)
Wands
 d - a wand of digging (10/24)
 h - a wand of polymorph (11/24)
 i - a wand of disintegration (14/24)
 x - a wand of confusion (20/48)
 U - a wand of lightning (7/15)
Scrolls
 k - 5 scrolls of magic mapping
 m - a scroll of fog {unknown}
 n - 4 scrolls of recharging
 s - 6 scrolls of remove curse
 t - a scroll of immolation {unknown}
 u - a scroll of summoning {unknown}
 y - 7 scrolls of teleportation
 B - a scroll of fear {unknown}
 G - a scroll of random uselessness {unknown}
 L - a scroll of holy word {unknown}
 M - a scroll of noise {unknown}
 W - a scroll of acquirement {unknown}
Potions
 b - a potion of experience {unknown}
 e - 3 potions of ambrosia
 g - a potion of resistance {unknown}
 j - 6 potions of haste
 l - 5 potions of curing
 w - 4 potions of flight
 z - 2 potions of brilliance {unknown}
 A - 2 potions of might
 F - 3 potions of berserk rage
 P - a potion of degeneration {unknown}
 R - a potion of lignification {unknown}
 S - a potion of cancellation {unknown}
Miscellaneous
 I - a phantom mirror
 K - a phial of floods
Comestibles
 f - 5 bread rations
 r - 7 meat rations
 J - 10 beef jerkies
 T - 7 royal jellies
 Y - 13 fruits


   Skills:
 + Level 12.0 Fighting
 + Level 14.9 Axes
 + Level 3.3 Throwing
 + Level 12.2 Armour
 + Level 4.9 Dodging
 + Level 5.8 Stealth
 + Level 13.3 Shields
 + Level 0.8 Invocations


You had 11 spell levels left.
You knew the following spells:

 Your Spells              Type           Power        Failure   Level  Hunger
a - Infusion              Chrm           #...         94%         1    ##.....


Dungeon Overview and Level Annotations

Branches:
Dungeon (12/15)            Temple (0/1) D:5            Lair (4/6) D:8
 Shoals (0/4) Lair:4        Snake (0/4) Lair:4          Orc (0/2) D:11

Altars:
Cheibriados
Dithmenos
Gozag
Hepliaklqana
Kikubaaqudgha
Makhleb
Nemelex Xobeh
Okawaru
Sif Muna
Xom
Zin

Shops:
D:9 (

Portals:
Trove: D:10 (give 9 potions of haste)


Innate Abilities, Weirdness & Mutations

You reflexively headbutt those who attack you in melee.
You have a pair of large horns on your head.
Your life essence is reduced. (-10% HP)
You have sharp toenails.
You tend to lose your temper in combat.
Your mind is acute. (Int +2)
Armour fits poorly on your strangely shaped body.
Your flesh is heat resistant. (rF+)


Message History

You enter an ice cave! 4 simulacra come into view.
Found an ice covered gate leading back out of this place.
There is an ice choked empty arch of ancient stone here.
The alligator simulacrum bites you. The alligator simulacrum freezes you!!
The alligator simulacrum tail-slaps you but does no damage.
The death yak simulacrum gores you! The death yak simulacrum freezes you!
You feel much better.
You block the alligator simulacrum's attack. x2
The death yak simulacrum gores you! The death yak simulacrum freezes you!!!
* * * LOW HITPOINT WARNING * * *
Inrya gestures at the alligator simulacrum while chanting.
The alligator simulacrum resists with significant effort.
The death yak simulacrum barely misses Inrya.
You feel better.
Inrya hits the alligator simulacrum with a dagger of draining.
The alligator simulacrum bites you!
* * * LOW HITPOINT WARNING * * *
The alligator simulacrum freezes you!
You die...

#####
##...##
##..∩..##
#.......#
#...∩...#
##.@...##
##ZR.##
#ZZ.#
.Z.##
#...#
##...
##... #..
.##


You could see the friendly Inrya the hexer, an alligator simulacrum, a death yak
simulacrum and 2 polar bear simulacra.

Vanquished Creatures
  A dire elephant (Lair:2)
  A centaur warrior (D:12)
  A catoblepas (Lair:2)
  4 death yaks (Lair:2)
  2 hill giants (D:10)
  16 elephants
  A cyclops (D:8)
  A centaur zombie (D:12)
  2 black mambas
  4 spiny frogs
  A gargoyle (D:11)
  2 komodo dragons
  2 rime drakes (Lair:4)
  A queen bee (Lair:3)
  A guardian mummy (D:10)
  3 trolls
  3 hippogriffs
  6 blink frogs (Lair:2)
  Sigmund (D:6)
  A spriggan (Lair:2)
  2 wraiths
  17 yaks
  A wyvern (Lair:2)
  A shadow (D:12)
  A hungry ghost (D:11)
  2 basilisks
  13 water moccasins
  6 porcupines
  Duvessa (D:4)
  2 orc warriors
  A sky beast (D:10)
  2 phantoms
  Purgy (Sewer)
  2 black bears
  An ice beast (D:3)
  A necrophage (D:10)
  6 centaurs
  6 ogres
  4 crocodiles
  A big kobold (D:5)
  9 bullfrogs
  A wyvern zombie (D:12)
  Dowan (D:4)
  4 scorpions
  A troll zombie (D:11)
  10 wights
  12 killer bees (Lair:3)
  A howler monkey (D:5)
  2 electric eels
  6 crimson imps
  2 jellies
  A bullfrog zombie (D:5)
  3 orc priests
  4 hounds
  An orc wizard (D:4)
  A bullfrog skeleton (D:12)
  9 worker ants
  An iguana (D:7)
  7 ogre zombies (D:11)
  A mummy (D:6)
  Robin (D:3)
  18 adders
  A river rat (D:4)
  5 shadow imps
  5 oozes
  6 worms
  2 dart slugs
  3 leopard geckos
  9 orcs
  5 bats
  3 giant cockroaches
  21 goblins
  12 hobgoblins
  7 jackals
  4 quokkas
  4 ball pythons
  9 frilled lizards
  2 goblin skeletons (D:11)
  2 goblin zombies (D:11)
  3 hobgoblin skeletons (D:11)
  2 hobgoblin zombies (D:11)
  A jackal skeleton (D:4)
  11 kobolds
  A leopard gecko zombie (D:7)
  2 orc skeletons (D:11)
  10 orc zombies (D:11)
  44 rats
  11 fungi
  7 plants
413 creatures vanquished.

Vanquished Creatures (collateral kills)
  A hill giant (D:12)
  An ugly thing (D:11)
  A manticore (D:10)
  A cyclops (D:11)
  6 elephants
  2 spiny frogs (Lair:1)
  A centaur skeleton (D:12)
  2 komodo dragons
  A blink frog (Lair:2)
  A hippogriff (D:9)
  3 yaks
  A wyvern (Lair:4)
  5 water moccasins
  A porcupine (Lair:3)
  An orc warrior (D:8)
  An ice beast (D:5)
  A necrophage (D:10)
  A phantom (D:11)
  A sky beast (D:10)
  2 ogres (D:4)
  A centaur (D:8)
  A big kobold (D:9)
  2 killer bees (Lair:3)
  3 wights
  2 howler monkeys (D:7)
  A crimson imp (D:9)
  A hound (D:10)
  An adder (D:8)
  A worm (D:6)
  4 orcs
  2 kobolds
  An orc skeleton (D:11)
  3 orc zombies (D:11)
  3 fungi
  3 plants
63 creatures vanquished.

Vanquished Creatures (others)
  A hexer (Lair:3)
  23 fungi (Lair:2)
  3 plants (Lair:2)
27 creatures vanquished.

Grand Total: 503 creatures vanquished

Notes
Turn   | Place    | Note
-------+----------+-------------------------------------------
     0 | D:1      | Inarius the Minotaur Fighter began the quest for the Orb.
     0 | D:1      | Reached XP level 1. HP: 19/19 MP: 0/0
   140 | D:1      | Reached XP level 2. HP: 27/27 MP: 1/1
   740 | D:2      | Reached skill level 3 in Axes
   740 | D:2      | Reached XP level 3. HP: 31/33 MP: 2/2
   961 | D:2      | Reached XP level 4. HP: 33/40 MP: 3/3
  1189 | D:2      | Reached skill level 4 in Axes
  1683 | D:3      | Reached XP level 5. HP: 41/47 MP: 4/4
  1844 | D:3      | Noticed an ice beast
  1855 | D:3      | Killed an ice beast
  1855 | D:3      | Reached skill level 5 in Fighting
  2108 | D:3      | Noticed a hippogriff
  2117 | D:3      | Killed a hippogriff
  2117 | D:3      | Reached skill level 5 in Axes
  2117 | D:3      | Reached skill level 5 in Shields
  2117 | D:3      | Reached XP level 6. HP: 42/56 MP: 5/5
  2156 | D:3      | Noticed Robin
  2200 | D:3      | Killed Robin
  2620 | D:3      | Reached skill level 6 in Axes
  3309 | D:4      | Noticed Duvessa
  3320 | D:4      | Reached skill level 5 in Armour
  3320 | D:4      | Reached XP level 7. HP: 54/61 MP: 6/6
  3365 | D:4      | Noticed Dowan
  3372 | D:4      | Killed Dowan
  3373 | D:4      | Killed Duvessa
  3542 | D:4      | Found a glowing drain.
  3546 | Sewer    | Entered a sewer
  3582 | Sewer    | Noticed Purgy
  3597 | Sewer    | Killed Purgy
  3597 | Sewer    | Reached skill level 7 in Axes
  4197 | D:4      | Reached skill level 1 in Dodging
  4214 | D:4      | Found a hazy altar of Hepliaklqana.
  4216 | D:4      | Found a deep blue altar of Sif Muna.
  4220 | D:4      | Found a shimmering altar of Xom.
  4229 | D:4      | Became a worshipper of Hepliaklqana the Forgotten
  4309 | D:4      | Found an iron altar of Okawaru.
  4357 | D:4      | Reached XP level 8. HP: 63/63 MP: 7/7
  4550 | D:5      | Entered Level 5 of the Dungeon
  4558 | D:5      | Found a staircase to the Ecumenical Temple.
  4637 | D:5      | Found an ancient bone altar of Kikubaaqudgha.
  4748 | D:5      | Reached skill level 8 in Axes
  5145 | D:5      | Found an ancient bone altar of Kikubaaqudgha.
  5201 | D:5      | Reached * piety under Hepliaklqana
  5357 | D:5      | Found a burning altar of Makhleb.
  5492 | D:6      | Reached skill level 1 in Stealth
  5508 | D:6      | Found a snail-covered altar of Cheibriados.
  5695 | D:6      | Found a shadowy altar of Dithmenos.
  5704 | D:6      | Reached skill level 9 in Axes
  5889 | D:6      | Reached XP level 9. HP: 68/71 MP: 8/8
  6016 | D:6      | Noticed Sigmund
  6621 | D:7      | Reached skill level 10 in Axes
  6669 | D:7      | Reached ** piety under Hepliaklqana
  6673 | D:7      | Remembered your ancestor Inrya as a hexer
  7029 | D:7      | You fall through a shaft!
  7118 | D:8      | Noticed a cyclops
  7657 | D:8      | Found a staircase to the Lair.
  7816 | D:8      | Found a sparkling altar of Nemelex Xobeh.
  7845 | D:8      | Found an ancient bone altar of Kikubaaqudgha.
  7870 | D:8      | Killed a cyclops
  7939 | D:8      | Reached skill level 11 in Axes
  7939 | D:8      | Reached XP level 10. HP: 72/77 MP: 9/9
  8554 | D:9      | Learned a level 1 spell: Infusion
  8581 | D:9      | Found a glowing silver altar of Zin.
  8756 | D:9      | Reached *** piety under Hepliaklqana
  8887 | D:9      | Found Imnopt's Antique Weapon Shoppe.
  8897 | D:9      | Bought a broad axe for 128 gold pieces
  9177 | D:9      | Found an opulent altar of Gozag.
  9454 | D:6      | Killed Sigmund
  9930 | D:10     | Entered Level 10 of the Dungeon
  9935 | D:10     | Got a warped hand crossbow
  9938 | D:10     | Identified the +7 hand crossbow of the Spider {venom, *Drain rPois Dex+3} (You found it on level 10 of the Dungeon)
 10401 | D:10     | Found a portal to a secret trove of treasure.
 10612 | D:10     | Noticed a hill giant
 10624 | D:10     | Killed a hill giant
 10624 | D:10     | Reached skill level 10 in Shields
 10797 | D:10     | Gained mutation: Your mind is acute. (Int +2) [mutagenic meat]
 10798 | D:10     | Gained mutation: You tend to lose your temper in combat. [mutagenic meat]
 10799 | D:10     | Gained mutation: You have sharp toenails. [mutagenic meat]
 10882 | D:10     | Noticed a hill giant
 10899 | D:10     | Killed a hill giant
 10899 | D:10     | Reached skill level 12 in Axes
 10899 | D:10     | Reached XP level 11. HP: 85/85 MP: 10/10
 11187 | D:10     | Reached skill level 10 in Armour
 11686 | D:10     | Gained mutation: Your flesh is heat resistant. (rF+) [mutagenic meat]
 11687 | D:10     | Gained mutation: You have a pair of large horns on your head. [mutagenic meat]
 11689 | D:10     | Gained mutation: Armour fits poorly on your strangely shaped body. [mutagenic meat]
 11721 | D:11     | Noticed a green ugly thing
 11727 | D:11     | Killed a green ugly thing
 11764 | D:11     | Found a staircase to the Orcish Mines.
 12070 | D:11     | Reached **** piety under Hepliaklqana
 12256 | D:11     | Reached skill level 13 in Axes
 12584 | D:11     | Got a smoking scale mail
 12596 | D:11     | Identified the +5 scale mail "Ore Mic" {rPois MR+} (You found it on level 11 of the Dungeon)
 13291 | D:12     | Noticed a hill giant
 13303 | D:12     | Killed a hill giant
 13609 | D:12     | Noticed a centaur warrior
 13621 | D:12     | Killed a centaur warrior
 13621 | D:12     | Reached skill level 10 in Fighting
 14511 | Lair:1   | Entered Level 1 of the Lair of Beasts
 14520 | Lair:1   | Reached XP level 12. HP: 54/95 MP: 11/11
 14782 | Lair:1   | Reached ***** piety under Hepliaklqana
 15652 | Lair:2   | Reached skill level 14 in Axes
 15652 | Lair:2   | Reached skill level 1 in Throwing
 15888 | Lair:2   | Noticed a dire elephant
 15933 | Lair:2   | Reached skill level 5 in Stealth
 15939 | Lair:2   | Killed a dire elephant
 17115 | Lair:2   | Noticed a death yak
 17120 | Lair:2   | Noticed a death yak
 17150 | Lair:2   | Noticed a death yak
 17150 | Lair:2   | Killed a death yak
 17150 | Lair:2   | Reached XP level 13. HP: 95/104 MP: 12/12
 18140 | Lair:3   | Got a polished scale mail
 18146 | Lair:3   | Identified the +4 scale mail of Fun {Int+2 SInv} (You found it on level 3 of the Lair of Beasts)
 19220 | Lair:4   | Found a staircase to the Snake Pit.
 19294 | Lair:4   | Found a frozen archway.
 19348 | IceCv    | Entered an ice cave
 19354 | IceCv    | Mangled by an alligator simulacrum

Skill      XL: |  1  2  3  4  5  6  7  8  9 10 11 12 13 |
---------------+----------------------------------------+-----
Armour         | 4 5 6 8 9 11 12 | 12.2
Fighting       | 4 5 6 7 8 10 11 12 | 12.0
Axes           | 3 4 5 6 7 9 11 12 13 14 | 14.9
Shields        | 4 5 7 8 10 11 12 13 | 13.3
Dodging        | 1 2 4 |  4.9
Stealth        | 1 2 3 4 5 |  5.8
Throwing       | 2 3 |  3.3
Invocations    | |  0.8

Action                   |  1- 3 |  4- 6 |  7- 9 | 10-12 | 13-15 || total
-------------------------+-------+-------+-------+-------+-------++-------
Melee: War axe           |   100 |   193 |   197 |       |       ||   490
       Headbutt          |    12 |    29 |    53 |   157 |    63 ||   314
       Hand axe          |       |       |    57 |   566 |   214 ||   837
       Broad axe         |       |       |       |    46 |       ||    46
       Kick              |       |       |       |   225 |    91 ||   316
Throw: Tomahawk          |       |       |       |    22 |    11 ||    33
Invok: Ancestor Identity |       |       |     1 |       |       ||     1
       Recall Ancestor   |       |       |     2 |     1 |     1 ||     4
       Ancestor Life: He |       |       |     1 |       |       ||     1
       Idealise          |       |       |       |       |     1 ||     1
       Transference      |       |       |       |       |     1 ||     1
Evoke: Wand              |       |       |       |       |     1 ||     1
  Use: Potion            |       |     2 |     4 |     3 |     4 ||    13
       Scroll            |       |       |     3 |    10 |     8 ||    21
 Stab: Distracted        |       |     1 |     4 |    16 |     4 ||    25
       Confused          |       |       |     2 |     4 |     1 ||     7
  Eat: Chunk             |       |     8 |     6 |    16 |     3 ||    33
       Bread ration      |       |       |     2 |     3 |     1 ||     6
       Meat ration       |       |       |       |     1 |       ||     1
       Pizza             |       |       |       |     2 |       ||     2
       Royal jelly       |       |       |       |     1 |       ||     1
       Fruit             |       |       |       |       |     3 ||     3
Armor: Scale mail        |    41 |    39 |       |    61 |    56 ||   197
       Chain mail        |       |    65 |    86 |       |       ||   151
       Plate armour      |       |       |    18 |    79 |       ||    97
Dodge: Dodged            |    31 |    41 |    58 |   116 |    48 ||   294
Block: Shield            |    43 |   109 |   143 |   232 |    82 ||   609
